Map: Hardwire LE

Players

Reynor

  • Race: Zerg Zerg

RagnaroK (SHIN) - Winner!

  • Race: Zerg Zerg

Event: TSL 8

VOD

Have the link to the VOD?

Description

Time

  • Played on: Dec. 3, 2021, 10:06 a.m.
  • Length: 10:00

All games in this series

Show
View Real Time Build Order
Export as new Build Order

Reynor Zerg 

Build Orders: Hatch First 

Get SALT Encoding   

  12  0:00  Drone  
  13  0:12  Overlord  
  13  0:17  Drone  
  14  0:31  Drone x2  
  16  0:48  Hatchery  
  15  0:51  Drone  
  15  0:55  Drone  
  17  0:58  Drone  
  18  1:09  Extractor  
  17  1:13  Spawning Pool  
  17  1:16  Drone  
  17  1:20  Drone  
  18  1:28  Drone  
  19  1:39  Drone  
  20  1:51  Overlord  
  20  1:59  Queen  
  20  2:00  Drone x2, Queen  
  26  2:10  Metabolic Boost  
  26  2:12  Drone, Zergling x2  
  28  2:21  Drone x2  
  30  2:34  Hatchery  
  30  2:36  Drone  
  30  2:38  Drone  
  31  2:47  Baneling Nest  
  31  2:49  Drone  
  31  2:50  Zergling x2  
  32  2:54  Overlord  
  32  3:00  Drone  
  32  3:04  Drone  
  34  3:06  Zergling x2  
  34  3:10  Zergling x2  
  36  3:13  Zergling x10  
  41  3:20  Overlord  
  41  3:25  Evolution Chamber  
  40  3:31  Baneling x2  
  40  3:33  Drone x3  
  43  3:37  Queen  
  45  3:45  Drone x2  
  47  3:50  Zergling x2  
  47  3:51  Overlord  
  47  4:00  Drone x2  
  48  4:05  Zergling x8  
  48  4:06  Drone x2  
  48  4:11  Zergling x4  
  48  4:15  Drone  
  47  4:18  Baneling x2  
  47  4:20  Zerg Missile Weapons Level 1  
  47  4:21  Drone x2  
  47  4:23  Drone  
  50  4:30  Roach Warren  
  50  4:31  Drone  
  50  4:33  Drone  
  50  4:34  Drone  
  50  4:36  Drone  
  50  4:37  Drone  
  54  4:43  Drone x3  
  57  4:52  Overlord  
  57  4:55  Lair  
  57  4:57  Drone, Extractor  
  57  4:58  Drone x2, Extractor  
  58  5:01  Zergling x4  
  58  5:03  Overlord  
  58  5:06  Drone  
  61  5:09  Baneling x2  
  61  5:12  Baneling  
  61  5:13  Drone x3  
  61  5:14  Drone x2  
  65  5:21  Overlord  
  65  5:22  Drone x3  
  65  5:27  Baneling x2  
  68  5:29  Queen  
  68  5:30  Zergling x6  
  68  5:35  Overlord  
  70  5:45  Zergling x2, Roach  
  70  5:47  Zergling x2  
  70  5:48  Zergling x4  
  68  5:50  Baneling  
  68  5:51  Drone x4  
  68  5:52  Drone x2  
  74  5:59  Drone x2  
  74  6:01  Queen  
  74  6:02  Overlord  
  78  6:06  Queen  
  78  6:07  Drone  
  78  6:10  Overlord  
  81  6:15  Drone x3  
  81  6:16  Drone  
  81  6:17  Drone, Zerg Missile Weapons Level 2  
  86  6:21  Extractor x2, Overlord  
  86  6:22  Extractor  
  83  6:26  Drone  
  83  6:27  Baneling x2  
  83  6:30  Drone  
  83  6:31  Drone, Overseer  
  83  6:32  Drone x2  
  88  6:34  Overseer  
  88  6:35  Drone  
  88  6:36  Overlord  
  88  6:39  Drone  
  87  6:44  Roach x4  
  87  6:45  Roach  
  94  6:47  Drone x2  
  94  6:50  Overlord  
  96  6:58  Glial Reconstitution  
  96  7:01  Roach x5  
  102  7:11  Roach x4  
  102  7:12  Roach x3  
  113  7:16  Drone x2  
  115  7:26  Hatchery, Evolution Chamber  
  115  7:27  Roach x3  
  115  7:28  Roach  
  115  7:29  Overlord  
  123  7:30  Roach  
  123  7:35  Roach x3  
  129  7:38  Overlord  
  129  7:44  Overlord  
  129  7:52  Roach x4  
  137  8:01  Drone  
  137  8:05  Roach x5  
  148  8:06  Roach x3, Spore Crawler  
  148  8:11  Overseer  
  153  8:15  Pneumatized Carapace  
  153  8:16  Overlord  
  153  8:17  Overlord x2  
  152  8:31  Overlord  
  150  8:35  Roach  
  150  8:36  Roach x7  
  150  8:38  Overlord  
  166  8:44  Ravager x3  
  166  8:45  Ravager, Roach x2  
  168  8:49  Roach  
  168  8:50  Roach x5  
  168  8:53  Roach  
  172  8:57  Roach x3  
  172  9:01  Roach x2  
  168  9:05  Roach  
  168  9:06  Roach x2  
  168  9:07  Roach  
  162  9:11  Roach  
  162  9:15  Roach  
  162  9:20  Roach x3  
  142  9:25  Roach x3  
  142  9:29  Roach  
  129  9:31  Roach  
  129  9:37  Roach  
Show
View Real Time Build Order
Export as new Build Order

RagnaroK Zerg - Winner!

Build Orders: Hatch First, Zergling Baneling 

Get SALT Encoding   

  12  0:00  Drone  
  13  0:12  Overlord  
  13  0:17  Drone  
  14  0:31  Drone x2  
  16  0:47  Hatchery  
  15  0:52  Drone  
  15  0:55  Drone  
  17  0:58  Drone  
  18  1:10  Extractor  
  17  1:14  Spawning Pool  
  17  1:16  Drone  
  17  1:19  Drone  
  18  1:29  Drone  
  19  1:46  Drone  
  20  1:50  Drone  
  21  1:59  Drone  
  21  2:00  Queen x2  
  27  2:01  Zergling x2  
  27  2:10  Overlord  
  27  2:11  Drone  
  27  2:13  Metabolic Boost  
  28  2:28  Hatchery  
  28  2:29  Drone  
  28  2:32  Drone  
  28  2:35  Drone  
  30  2:37  Drone  
  30  2:42  Drone  
  32  2:47  Drone  
  33  2:53  Baneling Nest  
  33  2:57  Overlord  
  33  2:58  Drone  
  33  3:08  Drone  
  33  3:10  Queen  
  36  3:17  Zergling x14  
  43  3:25  Zergling x2  
  44  3:28  Overlord  
  44  3:36  Baneling x2  
  44  3:38  Baneling x2  
  44  3:44  Zergling x12  
  44  3:45  Evolution Chamber  
  49  3:48  Baneling  
  49  3:49  Baneling  
  49  3:54  Drone x3  
  48  3:57  Drone  
  49  4:05  Drone x2  
  49  4:10  Drone  
  49  4:13  Drone x2  
  49  4:14  Drone x2  
  49  4:15  Drone  
  54  4:21  Drone x3  
  57  4:25  Zerg Missile Weapons Level 1  
  57  4:27  Extractor  
  57  4:29  Roach Warren  
  57  4:30  Zergling x4  
  57  4:32  Overlord  
  57  4:39  Overlord  
  57  4:45  Baneling x2  
  57  4:48  Zergling x2  
  57  4:49  Overlord  
  57  4:50  Zergling x2  
  57  4:51  Zergling x12  
  65  4:57  Zergling x8  
  65  4:59  Zergling x2  
  70  5:09  Zergling x10  
  75  5:15  Baneling  
  75  5:16  Baneling x4  
  75  5:17  Drone  
  75  5:19  Drone x2  
  77  5:21  Drone x2  
  77  5:22  Drone  
  77  5:27  Drone x2, Overlord  
  81  5:32  Lair  
  81  5:36  Overlord  
  81  5:37  Overlord  
  81  5:39  Baneling  
  81  5:40  Drone  
  79  5:44  Drone x2  
  79  5:49  Drone x3  
  75  5:52  Extractor  
  75  5:53  Extractor  
  75  5:56  Roach x4  
  81  6:00  Drone x4  
  81  6:04  Extractor  
  84  6:06  Drone x3  
  86  6:12  Baneling x2  
  86  6:15  Zergling x6  
  89  6:20  Drone  
  89  6:24  Drone x3  
  89  6:25  Drone x4  
  96  6:26  Drone  
  96  6:30  Extractor  
  96  6:31  Overlord  
  96  6:37  Zerg Missile Weapons Level 2, Glial Reconstitution  
  96  6:40  Roach  
  96  6:41  Roach  
  96  6:44  Overlord  
  99  6:47  Roach x3  
  99  6:52  Overseer  
  105  6:56  Overlord x2  
  102  7:06  Roach x9  
  112  7:16  Overlord  
  112  7:17  Roach  
  112  7:18  Roach x2  
  112  7:19  Roach x2  
  122  7:24  Roach  
  122  7:27  Roach  
  122  7:28  Burrow  
  126  7:31  Overlord  
  126  7:32  Hatchery  
  126  7:35  Roach  
  127  7:39  Roach x2  
  127  7:42  Overlord  
  127  7:43  Roach  
  127  7:44  Roach x4  
  141  7:45  Nydus Network  
  141  7:49  Roach x2  
  144  7:55  Baneling x5  
  144  7:56  Baneling  
  144  7:57  Overlord  
  144  7:58  Overlord x2  
  144  7:59  Roach x2  
  144  8:04  Roach  
  150  8:09  Roach x2  
  154  8:15  Roach x2  
  154  8:16  Roach  
  154  8:19  Roach x4  
  168  8:23  Nydus Canal  
  168  8:24  Roach x3  
  168  8:25  Roach  
  175  8:27  Roach  
  175  8:33  Roach x2  
  175  8:36  Roach  
  175  8:38  Nydus Canal  
  175  8:41  Roach x3  
  183  8:43  Roach  
  183  8:48  Roach x3  
  191  8:55  Roach  
  191  8:57  Roach x2  
  191  8:59  Roach  
  191  9:02  Roach x2  
  185  9:03  Roach  
  185  9:05  Roach  
  185  9:07  Roach  
  185  9:08  Roach  
  187  9:10  Roach  
  187  9:11  Roach  
  191  9:17  Roach x2  
  191  9:18  Roach  
  191  9:21  Roach x3  
  191  9:22  Roach  
  191  9:24  Roach  
  175  9:26  Roach  
  175  9:27  Roach  
  171  9:32  Roach  
  171  9:33  Roach  
  171  9:34  Roach  
  163  9:38  Roach  
  163  9:39  Roach  
Tags
 
Add a new tag
Caveats
  • Supply blocks, unpowered buildings, or Contaminate may cause inaccurate times.
  • Supply counts are checked every 10 seconds.